 Dungeon Sprint DCSS version 0.27-a0-216-g1fbed8a51c (webtiles) character file.

Game seed: 18041291590115732710

167 mhtbhm the Covert (level 5, -9/42 HPs)
             Began as a Spriggan Brigand on Jan 31, 2021.
             Was an Initiate of Dithmenos.
             Mangled by a spriggan
             ... wielding a +0 short sword
              (13 damage)
             ... in the Dungeon (Sprint IV: "Fedhas' Mad Dash").
             The game lasted 00:00:47 (490 turns).

mhtbhm the Covert (Spriggan Brigand)                 Turns: 490, Time: 00:00:47

Health: -9/42      AC:  3    Str:  7    XL:     5   Next: 23%
Magic:  4/6        EV: 17    Int: 13    God:    Dithmenos [......]
Gold:   52         SH:  0    Dex: 18    Spells: 4/4 levels left

rFire    . . .     SeeInvis +   a - +2 dagger
rCold    . . .     Faith    .   (shield restricted)
rNeg     . . .     Spirit   .   b - +0 robe
rPois    .         Reflect  .   (helmet restricted)
rElec    .         Harm     .   c - +0 cloak
rCorr    .         Rampage  .   (gloves unavailable)
Will     .....     NoTele   +   (boots unavailable)
Stlth    ..........             l - amulet of invisibility {+Inv}
HPRegen  0.14/turn              (no ring)
MPRegen  0.10/turn              (no ring)

@: berserking, very slightly contaminated, invisible, very quick
A: very small, unfitting armour, see invisible, speed 3
a: Renounce Religion, Evoke Invisibility


You were in the Dungeon.
You worshipped Dithmenos.
Dithmenos was noncommittal.
You visited 1 branch You collected 52 gold pieces.

Inventory:

Hand Weapons
 a - a +2 dagger (weapon)
Missiles
 d - 8 poisoned darts
 e - 2 curare-tipped darts (quivered)
Armour
 b - a +0 robe (worn)
 c - a +0 cloak (worn)
Jewellery
 l - the amulet of invisibility (around neck) {+Inv}
   (You found it in the Dungeon)

   [amulet of nothing]

   It lets you turn invisible.
Scrolls
 k - a scroll of blinking
 m - a scroll of fear {unknown}
Potions
 f - a potion of curing
 g - a potion of heal wounds
 h - a potion of haste
 i - 2 potions of magic


   Skills:
 + Level 3.0 Fighting
 + Level 4.3 Short Blades
 + Level 3.6 Throwing
 + Level 2.1 Dodging
 + Level 14.1 Stealth
 + Level 1.9 Evocations


You had 4 spell levels left.
You didn't know any spells.
Your spell library was empty.

Dungeon Overview and Level Annotations

Branches:
Dungeon (1/1)

Altars:
Cheibriados
Dithmenos
Elyvilon
Gozag
Hepliaklqana
Kikubaaqudgha
Makhleb
Nemelex Xobeh
Okawaru
Qazlal
Ru
Sif Muna
Trog
Uskayaw
Vehumet
Wu Jian
Xom
Yredelemnul
Zin
The Shining One
Beogh
Jiyva
Lugonu


Innate Abilities, Weirdness & Mutations

You are very small and have problems with some larger weapons.
You are too small for most types of armour.
You have supernaturally acute eyesight. (SInv)
You cover ground extremely quickly.


Message History

You are too injured to fight recklessly!
You are too injured to fight recklessly!
You are too injured to fight recklessly!
You are too injured to fight recklessly!
You are too injured to fight recklessly!
You are too injured to fight recklessly!
You are too injured to fight recklessly!
You are too injured to fight recklessly!
You are too injured to fight recklessly!
You are too injured to fight recklessly!
You are too injured to fight recklessly!
You puncture the spriggan!
You kill the spriggan!
Dithmenos accepts your kill.
Your Fighting skill increases to level 3!
Your Stealth skill increases to level 14!
Unknown command.
The spriggan blocks your attack.
The spriggan hits you with a +0 short sword!
You die...

######################
#.⌠._._._._.⌠.#.)i$..#
'.._._._._._..'.@#$.$#
#..._._._._...#..###+#
#.._._._._._..#.)#
#._._._._._.⌠.####
###############


You could see a spriggan.

Vanquished Creatures
  3 oklob saplings (D)
  A worker ant (D)
  A spriggan (D)
  A river rat (D)
  A rat (D)
7 creatures vanquished.

Notes
Turn   | Place    | Note
-------+----------+-------------------------------------------
     0 | D        | mhtbhm the Spriggan Brigand began the quest for the Orb.
     0 | D        | Reached XP level 1. HP: 10/10 MP: 2/2
    10 | D        | Reached skill level 8 in Stealth
    10 | D        | Reached XP level 2. HP: 6/15 MP: 3/3
   392 | D        | Noticed an oklob sapling
   393 | D        | Killed an oklob sapling
   394 | D        | Reached skill level 10 in Stealth
   394 | D        | Reached XP level 3. HP: 18/18 MP: 4/4
   397 | D        | Found the amulet of invisibility {+Inv}
   399 | D        | Reached skill level 11 in Stealth
   425 | D        | Found an opulent altar of Gozag.
   425 | D        | Found a hazy altar of Hepliaklqana.
   425 | D        | Found a burning altar of Makhleb.
   425 | D        | Found a roughly hewn altar of Beogh.
   425 | D        | Found a sparkling altar of Nemelex Xobeh.
   425 | D        | Found a snail-covered altar of Cheibriados.
   425 | D        | Found a sacrificial altar of Ru.
   425 | D        | Found a shimmering blue altar of Sif Muna.
   425 | D        | Found a shimmering altar of Xom.
   425 | D        | Found a basalt altar of Yredelemnul.
   426 | D        | Found a viscous altar of Jiyva.
   426 | D        | Found a bloodstained altar of Trog.
   426 | D        | Found an ornate altar of the Wu Jian Council.
   426 | D        | Noticed an oklob sapling priest
   427 | D        | Found an iron altar of Okawaru.
   427 | D        | Found a shadowy altar of Dithmenos.
   427 | D        | Found a glowing silver altar of Zin.
   428 | D        | Found an ancient bone altar of Kikubaaqudgha.
   428 | D        | Found a hide-covered altar of Uskayaw.
   429 | D        | Found a stormy altar of Qazlal.
   429 | D        | Found a white marble altar of Elyvilon.
   429 | D        | Found a glowing golden altar of the Shining One.
   430 | D        | Found a corrupted altar of Lugonu.
   430 | D        | Found a radiant altar of Vehumet.
   433 | D        | Killed an oklob sapling priest
   434 | D        | Reached skill level 12 in Stealth
   434 | D        | Reached skill level 1 in Evocations
   434 | D        | Reached XP level 4. HP: 23/23 MP: 2/5
   437 | D        | Became a worshipper of Dithmenos the Shadowed
   479 | D        | Reached skill level 13 in Stealth
   479 | D        | Reached XP level 5. HP: 28/28 MP: 3/6
   490 | D        | Reached skill level 14 in Stealth
   490 | D        | Mangled by a spriggan

Illustrated notes

Levels and vault maps discovered:
D:        dungeon_sprint_fedhas [sprint_temple]

Skill      XL: |  1  2  3  4  5 |
---------------+----------------+-----
Stealth        | 8 10 12 13 14 | 14.1
Fighting       | 2 3 |  3.0
Short Blades   | 3 4 |  4.3
Throwing       | 3 |  3.6
Evocations     | 1 |  1.9
Dodging        | 2 |  2.1

Action                   |  1- 3 |  4- 6 || total
-------------------------+-------+-------++-------
Melee: Dagger            |     6 |     9 ||    15
Throw: Dart              |     1 |       ||     1
 Abil: Evoke Invisibilit |     1 |     1 ||     2
  Use: Potion            |       |     1 ||     1
 Stab: Sleeping          |     4 |       ||     4
       Invisible         |       |     1 ||     1
Dodge: Dodged            |       |     1 ||     1

Table legend: (Time is in decaauts)
 A = Elapsed time spent in this place.
 B = Non-inter-level travel time spent in this place.
 C = Inter-level travel time spent in this place.
 D = Time resting spent in this place.
 E = Time spent auto-exploring this place.
 F = Levels seen in this place.
 G = Mean time per level.
                   A        B        C        D        E       F      G
               +--------+--------+--------+--------+--------+-----+--------+
         Total |    460 |    460 |      0 |    383 |      0 |   1 |  460.0 |
       Dungeon |    460 |    460 |      0 |    383 |      0 |   1 |  460.0 |
               +--------+--------+--------+--------+--------+-----+--------+

Top non-repeatable levels by time:
       D: 460 daAuts
